 Dungeon Crawl Stone Soup version 0.30-a0-799-g109b55a442 (webtiles) character file.

Game seed: 14327917294151599287

254 arthad the Caller (level 5, -1/22 (24) HPs)
             Began as a Felid Summoner on Feb 21, 2023.
             Killed by divine providence
             ... invoked by an orc priest
              (14 damage)
             ... on level 3 of the Dungeon.
             The game lasted 00:10:26 (2489 turns).

arthad the Caller (Felid Summoner)                  Turns: 2489, Time: 00:10:27

HP:   -1/22 (24)    AC:  1    Str: 10    XL:     5   Next: 91%
MP:   1/10          EV: 18    Int: 18    God:
Gold: 118           SH:  0    Dex: 17    Spells: 4/10 levels left
                                        Lives: 0   Deaths: 1

rFire   . . .      SeeInvis +      - Unarmed
rCold   . . .      Faith    .    (shield unavailable)
rNeg    . . .      Spirit   .    (body armour unavailable)
rPois   .          Reflect  .    (helmet unavailable)
rElec   .          Harm     .    (cloak unavailable)
rCorr   .          Rampage  .    (gloves unavailable)
Will    .....      Clarity  +    (boots unavailable)
Stlth   ++                       (no amulet)
HPRegen 0.23/turn                b - +6 ring of strength
MPRegen 0.12/turn                c - ring of flight

@: flying, drained, quick
A: very small, claws 1, fangs 3, see invisible, speed 1, shaggy fur 1, stealthy
paws, no weapons or thrown items, no armour, multi-lived, clarity, robust 1
a: no special abilities


You were on level 3 of the Dungeon.
You visited 1 branch of the dungeon, and saw 6 of its levels.

You collected 118 gold pieces.

Inventory:

Jewellery
 b - a +6 ring of strength (left paw)
 c - a ring of flight (right paw)
Scrolls
 d - a scroll of identify
 e - a scroll of teleportation
Potions
 a - a potion of magic
 f - a potion of berserk rage {unknown}
 g - a potion of degeneration
 j - 2 potions of lignification
 k - a potion of resistance
 l - a potion of brilliance


   Skills:
 + Level 1.0 Fighting
 + Level 3.3 Dodging
 - Level 2.6 Stealth
 + Level 1.2 Unarmed Combat
 * Level 3.0 Spellcasting
 * Level 3.3 Hexes
 * Level 5.6 Summonings
 + Level 1.3 Air Magic


You had 4 spell levels left.
You knew the following spells:

 Your Spells              Type           Power      Damage    Failure   Level
a - Summon Small Mammal   Summ           92%        N/A       1%          1
b - Call Imp              Summ           23%        N/A       2%          2
c - Call Canine Familiar  Summ           23%        N/A       4%          3

Your spell library contained the following spells:

 Spells                   Type           Power      Damage    Failure   Level
 Summon Guardian Golem    Hex/Summ       19%        N/A       8%          3
 Ensorcelled Hibernation  Hex/Ice        16%        N/A       12%         2
 Passwall                 Tmut/Erth      1%         N/A       24%         2
 Swiftness                Air            7%         N/A       28%         3
 Summon Lightning Spire   Summ/Air       15%        N/A       36%         4


Dungeon Overview and Level Annotations

Branches:
Dungeon (6/15)
 Temple: D:4-7

Altars:

Annotations:
D:5 Dowan, Duvessa


Innate Abilities, Weirdness & Mutations

You have sharp claws.
You have razor-sharp teeth.
You have supernaturally acute eyesight. (SInv)
You cover ground quickly. (Speed+)
You are covered in fur. (AC +1)
Your paws help you pounce on unaware monsters.
You are incapable of wielding weapons or throwing items.
You cannot wear armour.
You gain extra lives every three experience levels.
You possess an exceptional clarity of mind.
You are robust. (+10% HP)


Message History

Your crimson imp hits the orc but does no damage.
The orc misses your crimson imp.
The orc completely misses your crimson imp.
Your crimson imp hits the orc but does no damage.
The orc closely misses your crimson imp.
Your crimson imp hits the orc.
The orc hits your crimson imp with a +0 hand axe.
Your crimson imp hits the orc.
Your crimson imp disappears in a puff of smoke!
Casting: Summon Small Mammal (safe; 1% risk of failure)
Confirm with . or Enter, or press ? or * to list all spells.
The orc priest begins to cast a cantrip, but forgets the words!
You hear a shout!
Casting: Call Canine Familiar (quite dangerous; 4% risk of failure)
Confirm with . or Enter, or press ? or * to list all spells.
What are your orders? t - Meow!
Orders for allies: a - Attack new target. p - Attack previous target. r - Retreat! s - Stop attacking. g - Guard the area. f - Follow me.
Anything else - Cancel.
Gang up on whom?
Press: ? - help, Dir - move target, f/p - orc
Aim: an orc, wielding a +0 hand axe and wearing a +0 ring mail (severely wounded, ally target) Attack!
The orc hits your hound with a +0 hand axe.
An orc comes into view. It is wielding a +0 club.
Your hound bites the orc.
The orc dies!
The orc priest barely misses your hound.
Your hound barely misses the orc priest.
The orc priest hits your hound with a +0 short sword.
An orc comes into view. It is wielding a +0 trident.
Your hound bites the orc priest.
Your quokka barely misses the orc priest.
Your hound bites the orc priest.
The orc priest calls down the wrath of Beogh upon you.
Beogh smites you!
Ouch! That really hurt!
You die...

#..#. #.#.#
).)#. #.#.###
....###.#...
..........
#......####
#..........
###...r######
#.@..>hooo...
#.#..#.######
#.#..#.#
#.#..#.#
#.#..#.#
#.#..#.#
#.#..#.#
#######.#..#.#
#.......#..#


You could see an orc priest (ally target), 2 orcs, a friendly hound (summoned)
and a friendly quokka (summoned).

Vanquished Creatures
  A water moccasin (D:5)
  An adder (D:2)
  A dart slug (D:2)
  An orc (D:4)
  2 ball pythons (D:1)
  A giant cockroach (D:1)
  A goblin (D:1)
  2 bats (D:1)
10 creatures vanquished.

Vanquished Creatures (collateral kills)
  A scorpion (D:5)
  2 iguanas (D:5)
  A gnoll (D:1)
  3 adders
  A worm (D:5)
  A dart slug (D:1)
  3 orcs
  2 ball pythons (D:1)
  6 bats
  3 endoplasms
  A giant cockroach (D:2)
  3 goblins
  2 hobgoblins (D:1)
  3 frilled lizards (D:1)
  5 kobolds
  3 rats
  A spectral kobold (D:1)
41 creatures vanquished.

Vanquished Creatures (others)
  2 plants (D:6)
2 creatures vanquished.

Grand Total: 53 creatures vanquished

Notes
Turn   | Place    | Note
-------+----------+-------------------------------------------
     0 | D:1      | arthad the Felid Summoner began the quest for the Orb.
     0 | D:1      | Reached XP level 1. HP: 7/7 MP: 4/4
   188 | D:1      | Reached XP level 2. HP: 11/11 MP: 3/6
   352 | D:1      | Learned a level 2 spell: Call Imp
   694 | D:1      | Found a faded altar of an unknown god.
   723 | D:1      | Reached skill level 5 in Summonings
   730 | D:1      | Reached XP level 3. HP: 9/14 MP: 0/7
   734 | D:1      | Learned a level 3 spell: Call Canine Familiar
   964 | D:2      | Reached skill level 1 in Hexes
  1596 | D:2      | Reached XP level 4. HP: 18/18 MP: 4/8
  2005 | D:3      | You fall into a shaft and drop 3 floors!
  2018 | D:6      | Noticed a necrophage
  2022 | D:6      | Noticed an ogre
  2027 | D:5      | Entered Level 5 of the Dungeon
  2061 | D:5      | Noticed a water moccasin
  2074 | D:5      | Gained mutation: You are robust. (+10% HP) [potion of
                  | mutation]
  2074 | D:5      | Gained mutation: You possess an exceptional clarity of
                  | mind. [potion of mutation]
  2074 | D:5      | Succumbed to a water moccasin's poison
  2075 | D:5      | Reached XP level 3. HP: 0/15 MP: 0/7
  2075 | D:5      | Killed a water moccasin
  2076 | D:5      | Reached skill level 1 in Unarmed Combat
  2076 | D:5      | Reached skill level 1 in Air Magic
  2076 | D:5      | Reached XP level 4. HP: 19/19 MP: 7/9
  2076 | D:5      | Reached XP level 5. HP: 23/23 MP: 7/10
  2265 | D:5      | Noticed Dowan
  2267 | D:5      | Noticed Duvessa
  2268 | D:5      | Reached skill level 1 in Fighting
  2489 | D:3      | Killed from afar by an orc priest

Illustrated notes

Levels and vault maps discovered:
D:1:      dpeg_arrival_erosion, layout_basic,
          dreamdust_ecumenical_altar_drowned_temple
D:2:      layout_basic
D:3:      layout_basic, mainiacjoe_overflow_six_doors_small,
          lemuel_doored_altar, nrook_uturn, chequers_serial_rivers_micro_b,
          uniq_terence, uniq_crazy_yiuf_cottage, uniq_robin
D:4:      kennysheep_spiral_hall, layout_cave_pods, kennysheep_little_box,
          minmay_three_crescents
D:5:      layout_rooms, minmay_temple_entry_butterflies, gup_sewer_entry_pipe,
          uniq_duvessa
D:6:      wad_woods_tower, layout_cave_pools, minmay_tree_intersection

Skill      XL: |  1  2  3  4  5 |
---------------+----------------+-----
Summonings     | 5 |  5.6
Hexes          | 3 2 |  3.3
Dodging        | 3 |  3.3
Unarmed Combat | 1 |  1.2
Air Magic      | 1 |  1.3
Fighting       | 1 |  1.0
Spellcasting   | 3 |  3.0
Stealth        | |  2.6

Action                     |  1- 3 |  4- 6 || total
---------------------------+-------+-------++-------
  Melee: Unarmed           |    32 |    12 ||    44
         Bite              |     1 |       ||     1
         Punch             |       |     1 ||     1
   Cast: Summon Small Mamm |    34 |    13 ||    47
         Call Imp          |    10 |     6 ||    16
         Call Canine Famil |     6 |    11 ||    17
    Use: Scroll            |       |    10 ||    10
         Potion            |       |     4 ||     4
   Stab: Distracted        |     1 |     1 ||     2
         Sleeping          |       |     2 ||     2
 Armour: Skin              |     1 |     4 ||     5
  Dodge: Dodged            |    41 |    16 ||    57

Table legend: (Time is in decaauts)
 A = Elapsed time spent in this place.
 B = Non-inter-level travel time spent in this place.
 C = Inter-level travel time spent in this place.
 D = Time resting spent in this place.
 E = Time spent auto-exploring this place.
 F = Levels seen in this place.
 G = Mean time per level.
                   A        B        C        D        E       F      G
               +--------+--------+--------+--------+--------+-----+--------+
         Total |   2226 |   2207 |     19 |    128 |   1578 |   6 |  371.0 |
       Dungeon |   2226 |   2207 |     19 |    128 |   1578 |   6 |  371.0 |
               +--------+--------+--------+--------+--------+-----+--------+

Top non-repeatable levels by time:
     D:1: 877 daAuts
     D:2: 846 daAuts
     D:3: 241 daAuts
     D:5: 235 daAuts
     D:6: 19 daAuts
     D:4: 5 daAuts
